 Dungeon Crawl Stone Soup version 0.24.1-14-gf8d2b509d9 (webtiles) character file.

Game seed: 1421183509395670379, levelgen mode: deterministic

55 KlarStein the Skirmisher (level 3, -3/29 HPs)
             Began as a Demonspawn Fighter on July 10, 2020.
             Slain by Sigmund
             ... wielding a cursed -1 scythe
              (8 damage)
             ... on level 3 of the Dungeon.
             The game lasted 00:12:19 (1957 turns).

KlarStein the Skirmisher (Demonspawn Fighter)       Turns: 1957, Time: 00:12:20

Health: -3/29      AC:  7    Str: 17    XL:     3   Next: 67%
Magic:  0/3        EV:  7    Int:  9    God:
Gold:   123        SH:  0    Dex: 10    Spells: 2/2 levels left

rFire    . . .     SeeInvis .   a - +0 long sword
rCold    + . .     Gourm    .   c - +0 shield
rNeg     . . .     Faith    .   b - +0 scale mail
rPois    .         Spirit   +   (helmet restricted)
rElec    .         Reflect  .   g - +0 cloak
rCorr    .         Harm     .   (no gloves)
MR       .....                  (no boots)
Stlth    ..........             (no amulet)
HPRegen  0.09/turn              (no ring)
MPRegen  0.08/turn              (no ring)

@: confused
A: antennae 1, clumsy 1, cold resistance 1, magic shield
a: no special abilities


You were on level 3 of the Dungeon.
You were not hungry.

You visited 1 branch of the dungeon, and saw 3 of its levels.

You collected 123 gold pieces.

Inventory:

Hand Weapons
 a - a +0 long sword (weapon)
 i - a +1 dagger of distortion
Armour
 b - a +0 scale mail (worn)
 c - a +0 shield (worn)
 g - a +0 cloak (worn)
Scrolls
 e - 2 scrolls of identify
 h - a scroll of magic mapping
Comestibles
 f - 3 rations


   Skills:
 + Level 3.4 Fighting
 + Level 2.3 Long Blades
 + Level 3.1 Armour
 + Level 3.2 Shields


You had 2 spell levels left.
You didn't know any spells.
Your spell library contained the following spells:

 Spells                   Type           Power        Failure   Level  Hunger
 Beastly Appendage        Tmut           #.....       99%         1    ##.....
 Corona                   Hex            #......      99%         1    ##.....
 Ensorcelled Hibernation  Hex/Ice        #.....       100%        2    ###....
 Sticks to Snakes         Tmut           #.......     100%        2    ###....
 Confuse                  Hex            #.......     100%        3    ####...
 Dazzling Spray           Conj/Hex       #.....       100%        3    ####...
 Spider Form              Tmut/Pois      #.........   100%        3    ####...
 Tukima's Dance           Hex            #.......     100%        3    ####...
 Ice Form                 Ice/Tmut       #.......     100%        4    #####..
 Blade Hands              Tmut           #.........   100%        5    ######.


Dungeon Overview and Level Annotations

Branches:
Dungeon (3/15)

Altars:
Dithmenos
Okawaru
Qazlal
Xom
Zin

Annotations:
D:3 Sigmund


Innate Abilities, Weirdness & Mutations

Your flesh is cold resistant. (rC+)
When hurt, damage is shared between your health and your magic reserves.
You have a pair of small antennae on your head.
You are clumsy. (Dex -2)


Message History

Sigmund flickers and vanishes!
Deactivating autopickup; reactivate with Ctrl-A.
You miss something. Something hits you but does no damage.
You hit something but do no damage. Something hits you.
Your shield and scale mail prevent you from hitting something.
Something hits you but does no damage.
You hit something. You block something's attack.
You miss something. Something hits you!
You miss something. Something hits you!
* * * LOW HITPOINT WARNING * * *
You barely miss something. Something hits you but does no damage.
All of the chunks of flesh in your inventory have rotted away.
You closely miss something. Something hits you but does no damage.
You miss something. You miss something. Something hits you but does no damage.
You closely miss something.
You hear some strange, mumbled words.
You are confused.
Something hits you!
You die...

#.....# ###.### #.# *****
******##* ####.## *,,,,
*,,,,,..* #....[#****,***
*,*##*#.*####.....#,,,#,###
*,*#.##.*#........♣,*,.,..#
*,*,#.#.##{##.....#,**#.#.#
*..*##....@##.....♣.♣#♣.#.#
*...#....######...#.....#.#
*........# ##.#♣***♣....
*........# #.# #....
*.#..#.#.# #.# #>#.#
**#,#.*#.#.# ##'## #.#.#
**,P.#,*#.#.# ##...## #.#..
**,,.P..##.#.# ##.....##
#.### *,,,.........#
##.......###.##.


There were no monsters in sight!

Vanquished Creatures
  An adder (D:2)
  A worm (D:2)
  2 dart slugs (D:2)
  2 leopard geckos
  8 goblins
  2 hobgoblins
  3 jackals (D:2)
  4 kobolds
  2 quokkas (D:2)
  3 bats
  3 frilled lizards
  4 rats
35 creatures vanquished.

Vanquished Creatures (others)
  A goblin (D:3)
1 creature vanquished.

Grand Total: 36 creatures vanquished

Notes
Turn   | Place    | Note
-------+----------+-------------------------------------------
     0 | D:1      | KlarStein the Demonspawn Fighter began the quest for the
                  | Orb.
     0 | D:1      | Reached XP level 1. HP: 18/18 MP: 1/1
   221 | D:1      | Gained mutation: Your flesh is cold resistant. (rC+)
                  | [demonic ancestry]
   221 | D:1      | Reached XP level 2. HP: 20/24 MP: 2/2
   357 | D:1      | Found an iron altar of Okawaru.
   963 | D:2      | Gained mutation: You are clumsy. (Dex -2) [potion of
                  | mutation]
   963 | D:2      | Gained mutation: You have a pair of small antennae on your
                  | head. [potion of mutation]
  1065 | D:2      | Gained mutation: When hurt, damage is shared between your
                  | health and your magic reserves. [demonic ancestry]
  1065 | D:2      | Reached XP level 3. HP: 28/29 MP: 3/3
  1240 | D:2      | Found an iron altar of Okawaru.
  1240 | D:2      | Found a shimmering altar of Xom.
  1245 | D:2      | Found a shadowy altar of Dithmenos.
  1247 | D:2      | Found a stormy altar of Qazlal.
  1248 | D:2      | Found a glowing silver altar of Zin.
  1855 | D:3      | Noticed Sigmund
  1957 | D:3      | Slain by Sigmund

Levels and vault maps discovered:
D:1:      mrwooster_arrival_statue_2, layout_loops_corners,
          okawaru_ov_weapons_minmay
D:2:      layout_loops_ring, chequers_temple_overflow_minitemple,
          serial_bayou_pond_e
D:3:      layout_loops_corners, first_ration, serial_forest,
          infiniplex_forest_lined_room_, infiniplex_forest_lined_room_,
          infiniplex_forest_lined_corner, infiniplex_forest_clump_double,
          infiniplex_forest_lined_room_2, infiniplex_forest_clump_double,
          fountainhead, chequers_arboretum, uniq_jessica, uniq_robin,
          uniq_purgy, uniq_sigmund

Skill      XL: |  1  2 |
---------------+-------+-----
Long Blades    | 2 |  2.3
Shields        | 3 |  3.2
Armour         | 3 |  3.1
Fighting       | |  3.4

Action                   || total
-------------------------++-------
Melee: Long sword        ||   117
  Use: Scroll            ||     5
       Potion            ||     3
  Eat: Chunk             ||     3
Armor: Scale mail        ||    49
Dodge: Dodged            ||    34
Block: Shield            ||    40
       Rpst.: Long sword ||    10
